 Dungeon Crawl Stone Soup version 0.31.0-4-g52a2dc7128 (webtiles) character file.

Game seed: 15584092867506417172

42 Destapler the Digger (level 3, 0/28 HPs)
             Began as a Ghoul Earth Elementalist on Jan 21, 2024.
             Was a Believer of Makhleb.
             Slain by Terence
             ... wielding a +0 short sword
              (8 damage)
             ... on level 2 of the Dungeon.
             The game lasted 00:04:33 (923 turns).

Destapler the Digger (Ghoul Earth Elementalist)      Turns: 923, Time: 00:04:35

Health: 0/28       AC:  2    Str: 11    XL:     3   Next: 54%
Magic:  3/6        EV: 12    Int: 16    God:    Makhleb [**....]
Gold:   65         SH:  0    Dex:  9    Spells: 5/6 levels left

rFire   . . .        (no weapon)
rCold   + . .        (no shield)
rNeg    + + +        a - +0 robe
rPois   ∞            (no helmet)
rElec   .            (no cloak)
rCorr   .            (no gloves)
SInv    .            (no boots)
Will    .....        g - amulet of magic regeneration
Stlth   ++           (no ring)
HPRegen 0.00/turn    (no ring)
MPRegen 0.50/turn

%: no passive effects
@: inhibited regen
A: claws 1, cold resistance 1, negative energy resistance 3, inhibited
regeneration, torment resistance 2, devour on kill
a: Renounce Religion, Minor Destruction


You were on level 2 of the Dungeon.
You worshipped Makhleb.
Makhleb was pleased with you.
You visited 1 branch of the dungeon, and saw 2 of its levels.

You collected 65 gold pieces.

Inventory:

Hand Weapons
 j - a +0 dagger
Missiles
 c - a throwing net
Armour
 a - a +0 robe (worn)
Jewellery
 g - an amulet of magic regeneration (around neck)
Scrolls
 d - a scroll of fog {unknown}
 e - a scroll of identify {unknown}
 h - a scroll of revelation {unknown}
 k - a scroll of teleportation {unknown}
Potions
 b - a potion of magic
 f - a potion of mutation {unknown}
 i - a potion of might {unknown}
 l - a potion of berserk rage {unknown}


   Skills:
 + Level 1.4 Fighting
 + Level 0.8 Throwing
 - Level 2.0 Dodging
 + Level 2.5 Stealth
 - Level 2.0 Spellcasting
 + Level 1.1 Conjurations
 + Level 3.5 Earth Magic


You had 5 spell levels left.
You knew the following spells:

 Your Spells              Type           Power      Damage    Failure   Level
a - Sandblast             Erth           26%        2d8       4%          1

Your spell library contained the following spells:

 Spells                   Type           Power      Damage    Failure   Level
 Passwall                 Erth           13%        N/A       14%         3
 Stone Arrow              Conj/Erth      18%        3d8       24%         3
 Brom's Barrelling Bould  Conj/Erth      9%         2d3       61%         4
 Petrify                  Alch/Erth      7%         N/A       69%         4


Dungeon Overview and Level Annotations

Branches:
Dungeon (2/15)

Altars:
Makhleb

Annotations:
D:2 Terence


Innate Abilities, Weirdness & Mutations

You are immune to poison.
You have sharp fingernails.
Your flesh is cold resistant. (rC+)
You are immune to negative energy. (rN+++)
You do not regenerate when monsters are visible.
You are immune to unholy pain and torment.
You thrive by killing the living.


Message History

You can't see any susceptible monsters within range! (Use Z to cast anyway.) Terence and a rat come into view.
The frilled lizard hisses angrily.
The blast of sand hits the rat!
You kill the rat!
Makhleb accepts your kill.
Terence shouts!
The blast of sand hits the frilled lizard!
You kill the frilled lizard!
Makhleb accepts your kill.
You can now harness Makhleb's destructive might.
A ribbon worm comes into view.
The blast of sand hits Terence but does no damage.
The blast of sand hits Terence.
Terence is moderately wounded.
Terence misses you.
The blast of sand hits Terence.
Terence is heavily wounded.
Terence hits you with a +0 short sword.
The blast of sand hits Terence.
Terence is severely wounded.
Terence barely misses you. Terence completely misses you.
The blast of sand hits Terence.
Terence is severely wounded.
Terence closely misses you.
The blast of sand hits Terence.
Terence is almost dead.
Terence hits you with a +0 short sword! x2
* * * LOW HITPOINT WARNING * * *
The blast of sand hits Terence but does no damage.
Terence is almost dead.
Terence says, "You're history."
Terence barely misses you.
The blast of sand hits Terence but does no damage.
Terence is almost dead.
Terence hits you with a +0 short sword.
* * * LOW HITPOINT WARNING * * *
Terence hits you with a +0 short sword!
You die...
Terence says, "That felt goooood."

♣.♣####..######
#.............#
######♣.♣####.#####.#
#.............#####.####
.. .##................#
#. #..####.#####.##.#
#..##..####.#####.##.#
#..w@....<........##.#
....###@.####.####..##.#
.....†....# #.# #..##.#
....#.##..###.####..##.#
♣♣ #. #........>...##.#
. #........><..##.# .#
..###........#.# .. ###
#.###.#..#.# P. ..
#.#..#.# # #.#.....


You could see Terence and a ribbon worm.

Vanquished Creatures
  An adder (D:2)
  A dart slug (D:1)
  3 endoplasms (D:1)
  3 giant cockroaches (D:1)
  2 goblins
  A hobgoblin (D:1)
  2 quokkas (D:1)
  5 ball pythons
  4 bats
  2 frilled lizards
  2 kobolds
  5 rats
31 creatures vanquished.

Notes
Turn   | Place    | Note
-------+----------+-------------------------------------------
     0 | D:1      | Destapler the Ghoul Earth Elementalist began the quest for
                  | the Orb.
     0 | D:1      | Reached XP level 1. HP: 14/14 MP: 3/3
    27 | D:1      | Found a faded altar of an unknown god.
    35 | D:1      | Prayed at the altar of an unknown god.
    35 | D:1      | Became a worshipper of Makhleb the Destroyer
    35 | D:1      | Reached * piety under Makhleb
   230 | D:1      | Reached XP level 2. HP: 22/22 MP: 2/4
   416 | D:1      | Reached skill level 1 in Fighting
   416 | D:1      | Reached skill level 1 in Conjurations
   527 | D:1      | Reached XP level 3. HP: 28/28 MP: 5/5
   913 | D:2      | Noticed Terence
   915 | D:2      | Reached ** piety under Makhleb
   923 | D:2      | Slain by Terence

Illustrated notes

Levels and vault maps discovered:
D:1:      psy_arrival_whirlpool, layout_basic, shapermc_ecumenical_altar_venn
D:2:      layout_loops_ring, serial_shops, nicolae_shop_behind_doors,
          serial_forest, infiniplex_forest_lined_ring,
          infiniplex_forest_lined_2, infiniplex_forest_corner_1,
          infiniplex_forest_lined_3, infiniplex_forest_clump_diagonal,
          infiniplex_forest_lined_2, uniq_terence

Skill      XL: |  1  2  3 |
---------------+----------+-----
Fighting       | 1 |  1.4
Conjurations   | 1 |  1.1
Spellcasting   | 2 |  2.0
Dodging        | 2 |  2.0
Throwing       | |  0.8
Stealth        | |  2.5
Earth Magic    | |  3.5

Action                     || total
---------------------------++-------
  Melee: Unarmed           ||    12
   Cast: Sandblast         ||    50
   Stab: Sleeping          ||     1
 Armour: Robe              ||    20
  Dodge: Dodged            ||    22
